 Dungeon Crawl Stone Soup version 0.31-a0-202-g547052bce9 (webtiles) character file.

Game seed: 2257416462643283697

144 qw the Skirmisher (level 5, 0/29 HPs)
             Began as a Deep Elf Hunter on June 26, 2023.
             Slain by a gnoll
             ... wielding a +0 spear of venom
              (2 damage)
             ... on level 3 of the Dungeon.
             The game lasted 00:00:40 (1642 turns).

qw the Skirmisher (Deep Elf Hunter)                 Turns: 1642, Time: 00:00:41

Health: 0/29       AC:  3    Str: 10    XL:     5   Next: 5%
Magic:  7/7        EV: 13    Int: 14    God:
Gold:   94         SH:  0    Dex: 18    Spells: 4/4 levels left

rFire   . . .        Y - +0 shortbow
rCold   + . .        (shield currently unavailable)
rNeg    . . .        d - +0 robe {rC+}
rPois   .            (no helmet)
rElec   .            i - +0 cloak
rCorr   .            (no gloves)
SInv    .            (no boots)
Will    .....        (no amulet)
Stlth   ++           (no ring)
HPRegen 0.24/turn    (no ring)
MPRegen 0.10/turn

%: no passive effects
@: lethally poisoned (0 -> -7), about to teleport
A: no striking features
a: no special abilities


You were on level 3 of the Dungeon.
You visited 1 branch of the dungeon, and saw 3 of its levels.

You collected 94 gold pieces.


   Skills:
 - Level 1.5 Fighting
 + Level 8.2 Ranged Weapons
 - Level 3.0 Dodging
 - Level 1.2 Stealth


You had 4 spell levels left.
You didn't know any spells.
Your spell library was empty.

Inventory:

Hand Weapons
 Y - a +0 shortbow (weapon)
Armour
 c - a +0 leather armour
 d - a +0 robe of cold resistance (worn)
 i - a +0 cloak (worn)
Scrolls
 j - a scroll of identify
Potions
 a - a potion of curing
 b - a potion of ambrosia {unknown}
 e - a potion of attraction {unknown}
 f - a potion of might {unknown}
 g - a potion of cancellation

Dungeon Overview and Level Annotations

Branches:
Dungeon (3/15)

Altars:
Xom

Shops:
D:1 [=!=[


Message History

You shoot an arrow. The arrow hits the gnoll.
The gnoll is almost dead.
The gnoll hits you from afar with a +0 spear!
You shoot an arrow.
The arrow hits the gnoll but does no damage.
The gnoll is almost dead.
The gnoll misses you.
You shoot an arrow. The arrow hits the gnoll.
You kill the gnoll!
You start resting.
A gnoll is nearby!
You shoot an arrow. The arrow barely misses the gnoll.
The gnoll throws a throwing net.
The throwing net barely misses you.
You shoot an arrow. The arrow hits the gnoll.
The gnoll is lightly wounded.
You shoot an arrow. The arrow hits the gnoll!
The gnoll is severely wounded.
The gnoll closely misses you.
You shoot an arrow. The arrow closely misses the gnoll.
The gnoll hits you from afar with a +0 spear of venom.
You are poisoned.
The gnoll completely misses you.
You shoot an arrow.
The arrow hits the gnoll but does no damage.
The gnoll is severely wounded.
You feel sick.
The gnoll hits you from afar with a +0 spear of venom.
You are lethally poisoned!
The gnoll hits you with a +0 flail.
You shoot an arrow. The arrow hits the gnoll!
You kill the gnoll!
You feel very sick. The gnoll barely misses you.
You have reached level 5!
1642 ||| READING scroll of teleportation.
As you read the scroll of teleportation, it crumbles to dust.
You feel strangely unstable.
You feel very sick.
The gnoll hits you from afar with a +0 spear of venom.
You die...

.#'####......#
#)...##......########
.)...###............#
.....##.....##......#
.....####.#.##..(...#
.....# #.#.##......#
#....# #.#. ###'####
...### #. #%# #### #.
#@# #. #)# #..g.#
.ggg..... ##.###.###
# #. ##


You could see a gnoll.

Vanquished Creatures
  Natasha (D:3)
  An orc wizard (D:3)
  2 gnolls (D:3)
  2 adders (D:2)
  2 worms
  A dart slug (D:1)
  7 orcs (D:3)
  5 endoplasms
  A giant cockroach (D:2)
  2 hobgoblins (D:1)
  3 quokkas
  4 ball pythons
  4 bats
  4 frilled lizards
  3 goblins
  5 rats
47 creatures vanquished.

Notes
Turn   | Place    | Note
-------+----------+-------------------------------------------
     0 | D:1      | qw the Deep Elf Hunter began the quest for the Orb.
     0 | D:1      | Reached XP level 1. HP: 12/12 MP: 3/3
     0 | D:1      | 0 ||| qw: Version: 0.3-a-22-g0ed2b0b
     0 | D:1      | 0 ||| qw: Game counter: 6231
     0 | D:1      | 0 ||| qw: Melee chars always use a shield: true
     0 | D:1      | 0 ||| qw: God list: Okawaru
     0 | D:1      | 0 ||| qw: Allow faded altars: false
     0 | D:1      | 0 ||| qw: Do Orc after clearing Dungeon:15 true
     0 | D:1      | 0 ||| qw: Do second Lair branch before Depths: true
     0 | D:1      | 0 ||| qw: Lair rune preference: random
     0 | D:1      | 0 ||| qw: Goals: Normal
     0 | D:1      | 0 ||| PLANNING D:1-11
    18 | D:1      | Found Qenoq's Armour Boutique.
    32 | D:1      | 32 ||| SHOPLISTING +0 pair of boots (58 gold, have 11).
    32 | D:1      | 32 ||| SHOPLISTING +0 ring mail (52 gold, have 11).
    32 | D:1      | 32 ||| SHOPLISTING +0 scale mail (52 gold, have 11).
    69 | D:1      | 69 ||| FLEEEEING.
    70 | D:1      | 70 ||| FLEEEEING.
   141 | D:1      | Found Foeneti's Jewellery Boutique.
   147 | D:1      | Found Xemat's Distillery.
   151 | D:1      | 151 ||| SHOPLISTING +5 ring of evasion (468 gold, have 19).
   151 | D:1      | 151 ||| SHOPLISTING +6 ring of dexterity (468 gold, have
                  | 19).
   151 | D:1      | 151 ||| SHOPLISTING amulet of Opuor {Acrobat rC+ rN+++
                  | Str-2 Dex+3} (872 gold, have 19).
   151 | D:1      | 151 ||| SHOPLISTING amulet of reflection (390 gold, have
                  | 19).
   151 | D:1      | 151 ||| SHOPLISTING ring "Lucom" {Wiz Will++ SInv} (717
                  | gold, have 19).
   151 | D:1      | 151 ||| SHOPLISTING ring of see invisible (195 gold, have
                  | 19).
   155 | D:1      | 155 ||| SHOPLISTING potion of curing (33 gold, have 19).
   155 | D:1      | 155 ||| SHOPLISTING potion of heal wounds (55 gold, have
                  | 19).
   155 | D:1      | 155 ||| SHOPLISTING potion of resistance (110 gold, have
                  | 19).
   233 | D:1      | Found Wued's Jewellery Shop.
   238 | D:1      | 238 ||| SHOPLISTING +6 ring of dexterity (504 gold, have
                  | 19).
   238 | D:1      | 238 ||| SHOPLISTING amulet of faith (560 gold, have 19).
   238 | D:1      | 238 ||| SHOPLISTING amulet of regeneration (420 gold, have
                  | 19).
   238 | D:1      | 238 ||| SHOPLISTING amulet of the acrobat (420 gold, have
                  | 19).
   238 | D:1      | 238 ||| SHOPLISTING ring of ice (350 gold, have 19).
   238 | D:1      | 238 ||| SHOPLISTING ring of positive energy (280 gold, have
                  | 19).
   238 | D:1      | 238 ||| SHOPLISTING ring of willpower (350 gold, have 19).
   290 | D:1      | Reached skill level 6 in Ranged Weapons
   290 | D:1      | Reached XP level 2. HP: 16/16 MP: 4/4
   500 | D:1      | Found Cisiod's Antique Armour Shoppe.
   508 | D:1      | 508 ||| SHOPLISTING glowing helmet (157 gold, have 30).
   508 | D:1      | 508 ||| SHOPLISTING pair of gloves (94 gold, have 30).
   508 | D:1      | 508 ||| SHOPLISTING pearl-encrusted ring mail (189 gold,
                  | have 30).
   508 | D:1      | 508 ||| SHOPLISTING ring mail (84 gold, have 30).
   533 | D:1      | 533 ||| DROPPING -2 pair of gloves.
   534 | D:1      | 534 ||| READING scroll labelled JEDAOS BULAS.
   535 | D:1      | 535 ||| READING scroll labelled ECANICZIXZY.
   540 | D:1      | 540 ||| DROPPING scroll of butterflies.
   563 | D:2      | Found a shimmering altar of Xom.
   868 | D:2      | Reached XP level 3. HP: 20/20 MP: 5/5
  1179 | D:2      | Reached skill level 7 in Ranged Weapons
  1346 | D:2      | 1346 ||| UPGRADING to +0 robe of cold resistance.
  1356 | D:2      | 1356 ||| UPGRADING to +0 cloak.
  1361 | D:2      | 1361 ||| READING scroll labelled VOHUHASONT.
  1362 | D:2      | 1362 ||| DRINKING 2 cyan potions.
  1363 | D:2      | 1363 ||| DRINKING 2 fuming puce potions.
  1414 | D:3      | Noticed Natasha
  1421 | D:3      | Killed Natasha
  1422 | D:3      | Reached XP level 4. HP: 24/25 MP: 6/6
  1475 | D:3      | 1475 ||| FLEEEEING.
  1477 | D:3      | 1477 ||| FLEEEEING.
  1482 | D:3      | Reached skill level 8 in Ranged Weapons
  1629 | D:3      | 1629 ||| Stepping ~*~*~tactically~*~*~ (outnumbered).
  1631 | D:3      | Reached skill level 3 in Dodging
  1641 | D:3      | HP: 4/25 [poisoned by a gnoll]
  1642 | D:3      | Reached XP level 5. HP: 5/29 MP: 7/7
  1642 | D:3      | 1642 ||| READING scroll of teleportation.
  1642 | D:3      | Slain by a gnoll

Levels and vault maps discovered:
D:1:      dpeg_arrival_rhombus, layout_loops_ring, serial_shops,
          nicolae_shop_dealshenge, shop, shop, nicolae_shop_scrapyard, shop
D:2:      layout_loops_cross, basic_altar, palyth_stone_intersect,
          dk_noncrumbling_4
D:3:      layout_basic, uniq_jessica, uniq_natasha

Skill      XL: |  1  2  3  4 |
---------------+-------------+-----
Ranged Weapons | 6 7 8 |  8.2
Dodging        | 3 |  3.0
Fighting       | |  1.5
Stealth        | |  1.2

Action                     |  1- 3 |  4- 6 || total
---------------------------+-------+-------++-------
   Fire: Shortbow          |   107 |    57 ||   164
    Use: Scroll            |     3 |     1 ||     4
         Potion            |     2 |       ||     2
 Armour: Leather armour    |     7 |       ||     7
         Robe              |     1 |    13 ||    14
  Dodge: Dodged            |    31 |    32 ||    63

Table legend:
 A = Non-vault XP
 B = Vault XP
 C = Vault XP percentage of total XP
 D = Non-vault monster count
 E = Vault monster count
 F = Vault count percentage of total count
                 A         B        C        D         E       F
            +---------+---------+-------+---------+---------+-------
      Total |     171 |      35 |  17.0 |      46 |       1 |   2.1
            +---------+---------+-------+---------+---------+-------
        D:1 |      17 |       0 |   0.0 |      10 |       0 |   0.0
        D:2 |      54 |       0 |   0.0 |      18 |       0 |   0.0
        D:3 |     100 |      35 |  25.9 |      18 |       1 |   5.3
            +---------+---------+-------+---------+---------+-------
